 Dungeon Crawl Stone Soup version 0.29-a0-834-g1e95ca9f62 (webtiles) character file.

Game seed: 1736474807048001881

29 buhh the Insei (level 3, -1/23 HPs)
             Began as an Octopode Transmuter on July 12, 2022.
             Succumbed to an adder's poison
             ... on level 2 of the Dungeon.
             The game lasted 00:00:55 (1028 turns).

buhh the Insei (Octopode Transmuter)                Turns: 1028, Time: 00:00:56

Health: -1/23      AC:  1    Str:  9    XL:     3   Next: 16%
Magic:  4/6        EV: 13    Int: 17    God:
Gold:   27         SH:  0    Dex: 12    Spells: 5/6 levels left

rFire   . . .      SeeInvis .     - Unarmed
rCold   . . .      Faith    .   (no shield)
rNeg    . . .      Spirit   .   (helmet currently unavailable)
rPois   .          Reflect  .   (no amulet)
rElec   .          Harm     .   (no ring)
rCorr   .          Rampage  .   (no ring)
Will    .....                   (no ring)
Stlth   +++.......              (no ring)
HPRegen 0.07/turn               (no ring)
MPRegen 0.10/turn               (no ring)
                                (no ring)
                                (no ring)

@: lethally poisoned (-1 -> -12), appendages
A: tentacle spike 3, almost no armour, amphibious, 8 rings, camouflage 1,
gelatinous body 1, (nimble swimmer 1), tentacles
a: End Transformation


You were on level 2 of the Dungeon.
One of your tentacles had grown a beastly spike.
You visited 1 branch of the dungeon, and saw 2 of its levels.

You collected 27 gold pieces.

Inventory:

Scrolls
 c - a scroll of identify {unknown}
 d - a scroll of teleportation {unknown}
Potions
 a - 2 potions of heal wounds {unknown}
 b - a potion of curing {unknown}
 n - a potion of lignification {!d}


   Skills:
 + Level 1.4 Fighting
 + Level 2.4 Dodging
 - Level 2.0 Stealth
 + Level 3.2 Unarmed Combat
 - Level 2.0 Spellcasting
 - Level 2.0 Transmutations
 - Level 1.0 Poison Magic


You had 5 spell levels left.
You knew the following spells:

 Your Spells              Type           Power      Damage    Failure   Level
a - Beastly Appendage     Tmut           16%        N/A       9%          1

Your spell library contained the following spells:

 Spells                   Type           Power      Damage    Failure   Level
 Wereblood                Tmut           8%         N/A       13%         2
 Spider Form              Tmut/Pois      6%         N/A       30%         3
 Ice Form                 Ice/Tmut       5%         N/A       77%         4


Dungeon Overview and Level Annotations

Branches:
Dungeon (2/15) Zot: 10973

Altars:

Annotations:
D:1 exclusion: downstairs


Innate Abilities, Weirdness & Mutations

One of your tentacles has grown a beastly spike.
You cannot wear most types of armour.
You are amphibious.
You can wear up to eight rings at the same time.
Your skin changes colour to match your surroundings (Stealth+).
Your rubbery body absorbs attacks. (AC +1, EV +1)
((You are camouflaged when in or above water. (Stealth+)))
You have tentacles for arms and can constrict up to eight enemies at once.


Message History

There is a stone staircase leading up here.
You tentacle-slap the adder but do no damage.
Your grab misses the adder.
You feel sick.
The frilled lizard hisses angrily.
The adder bites you.
You are more poisoned.
The adder poisons you!
You tentacle-slap the adder. Your grab misses the adder.
Your tentacle spike misses the adder.
The adder is lightly wounded.
You feel very sick. The adder bites you.
You are lethally poisoned!
The adder poisons you! The adder closely misses you.
You barely miss the adder. Your grab misses the adder.
The adder is lightly wounded.
You feel sick. The adder bites you.
You are too injured to fight recklessly!
You are too injured to fight recklessly!
You are too injured to fight recklessly!
You barely miss the adder. You grab the adder.
Your tentacle spike misses the adder.
You squeeze the adder.
The adder is moderately wounded.
You constrict the adder.
* * * LOW HITPOINT WARNING * * *
You feel very sick. The frilled lizard misses you.
The adder completely misses you.
You tentacle-slap the adder.
You pierce the adder, but do no damage.
The adder is severely wounded.
You constrict the adder.
* * * LOW HITPOINT WARNING * * *
You feel sick. The frilled lizard barely misses you. The adder bites you.
* * * LOW HITPOINT WARNING * * *
You are more poisoned.
The adder poisons you!
You barely miss the adder.
You pierce the adder, but do no damage.
Your squeeze misses the adder.
The adder is almost dead.
You constrict the adder.
You die...

... ##
#.> . #..
. .. .#
#.###.#
.....####
#.......#
#@l.....#
#S......#
#.......#
#.......#
#.......#
#........
####.#.##
...#


You could see an adder and a frilled lizard.

Vanquished Creatures
  An adder (D:2)
  2 ball pythons
  An endoplasm (D:1)
  3 giant cockroaches (D:1)
  A goblin (D:1)
  A kobold (D:1)
  2 quokkas
  5 bats (D:1)
  2 frilled lizards (D:1)
  A rat (D:1)
19 creatures vanquished.

Notes
Turn   | Place    | Note
-------+----------+-------------------------------------------
     0 | D:1      | buhh the Octopode Transmuter began the quest for the Orb.
     0 | D:1      | Reached XP level 1. HP: 13/13 MP: 3/3
   225 | D:1      | Reached skill level 1 in Stealth
   226 | D:1      | Reached XP level 2. HP: 18/18 MP: 3/5
   308 | D:1      | Reached skill level 1 in Poison Magic
   378 | D:1      | Found a faded altar of an unknown god.
   964 | D:2      | Noticed a scorpion
  1015 | D:2      | Reached XP level 3. HP: 23/23 MP: 4/6
  1027 | D:2      | HP: 1/23 [adder (2)]
  1028 | D:2      | Succumbed to an adder's poison

Illustrated notes

Levels and vault maps discovered:
D:1:      dpeg_arrival_tiny_a, layout_loops_ring,
          ebering_ecumenical_altar_ruins, serial_park_tiny_pond
D:2:      layout_loops_cross, serial_shops, nicolae_shop_crystal, shop

Skill      XL: |  1  2 |
---------------+-------+-----
Stealth        | 1 2 |  2.0
Poison Magic   | 1 |  1.0
Fighting       | |  1.4
Dodging        | |  2.4
Unarmed Combat | |  3.2
Spellcasting   | |  2.0
Transmutations | |  2.0

Action                   || total
-------------------------++-------
Melee: Unarmed           ||    47
       Tentacles         ||     9
       Constrict         ||    15
       Kick              ||    11
 Cast: Beastly Appendage ||    17
 Stab: Sleeping          ||     7
Armor: Skin              ||     7
Dodge: Dodged            ||    39

Table legend: (Time is in decaauts)
 A = Elapsed time spent in this place.
 B = Non-inter-level travel time spent in this place.
 C = Inter-level travel time spent in this place.
 D = Time resting spent in this place.
 E = Time spent auto-exploring this place.
 F = Levels seen in this place.
 G = Mean time per level.
                   A        B        C        D        E       F      G
               +--------+--------+--------+--------+--------+-----+--------+
         Total |   1026 |    967 |     59 |      0 |    807 |   2 |  513.0 |
       Dungeon |   1026 |    967 |     59 |      0 |    807 |   2 |  513.0 |
               +--------+--------+--------+--------+--------+-----+--------+

Top non-repeatable levels by time:
     D:1: 965 daAuts
     D:2: 61 daAuts
